 Dungeon Crawl Stone Soup version 0.26.0-18-gc5c842f807 (webtiles) character file.

Game seed: 6549465443844600323

239 iamoutofideas the Chiller (level 5, -2/35 HPs)
             Began as a Demonspawn Ice Elementalist on Jan 22, 2021.
             Slain by Grinder (4 damage)
             ... on level 3 of the Dungeon.
             The game lasted 00:05:20 (3868 turns).

iamoutofideas the Chiller (DsIE)                    Turns: 3868, Time: 00:05:21

Health: -2/35      AC:  3    Str:  8    XL:     5   Next: 79%
Magic:  6/11       EV: 12    Int: 18    God:
Gold:   135        SH:  0    Dex: 13    Spells: 5/12 levels left

rFire    . . .     SeeInvis .   k - +2 dagger (venom)
rCold    . . .     Faith    .   (no shield)
rNeg     . . .     Spirit   .   a - +0 robe
rPois    .         Reflect  .   (no helmet)
rElec    .         Harm     .   (no cloak)
rCorr    .         Rampage  .   m - +0 pair of gloves
Will     .....                  (no boots)
Stlth    ++........             (no amulet)
HPRegen  0.11/turn              f - ring of wizardry
MPRegen  0.12/turn              (no ring)

@: flying
A: claws 2, demonic guardian 1
a: no special abilities


You were on level 3 of the Dungeon.
You visited 1 branch of the dungeon, and saw 3 of its levels.
You also visited: Sewer.

You collected 135 gold pieces.

Inventory:

Hand Weapons
 k - a +2 dagger of venom (weapon)
Missiles
 d - 3 datura-tipped darts
Armour
 a - a +0 robe (worn)
 e - a +0 leather armour
 m - a +0 pair of gloves (worn)
Jewellery
 c - an uncursed ring of positive energy {unknown}
 f - a ring of wizardry (left hand)
Scrolls
 g - a scroll of enchant armour
Potions
 b - a potion of lignification
 h - a potion of flight
 i - a potion of heal wounds {unknown}
 j - a potion of cancellation
 n - a potion of attraction {unknown}


   Skills:
 - Level 1.7 Dodging
 - Level 1.9 Stealth
 + Level 4.0 Spellcasting
 + Level 5.3 Ice Magic


You had 5 spell levels left.
You knew the following spells:

 Your Spells              Type           Power        Failure   Level
a - Freeze                Ice            88%          1%          1
b - Frozen Ramparts       Ice            44%          1%          3
c - Ozocubu's Armour      Ice            22%          1%          3

Your spell library contained the following spells:

 Spells                   Type           Power        Failure   Level
 Hailstorm                Conj/Ice       13%          19%         4
 Summon Ice Beast         Ice/Summ       13%          19%         4


Dungeon Overview and Level Annotations

Branches:
Dungeon (3/15)              Sewer (visited)

Altars:
Gozag
Qazlal

Annotations:
D:3 Grinder


Innate Abilities, Weirdness & Mutations

You have very sharp fingernails.
A weak demonic guardian rushes to your aid.


Message History

Confirm with . or Enter, or press ? or * to list all spells.
Aiming: Freeze (safe; 1% risk of failure)
Press: ? - help, Shift-Dir - straight line, f/p - Grinder
Aim: Grinder, carrying a wand of random effects (14) (lightly wounded) Grinder completely resists.
You freeze Grinder but do no damage.
Grinder completely resists.
The wall freezes Grinder but does no damage.
Grinder gestures at you. Pain shoots through your body!
* * * LOW HITPOINT WARNING * * *
It was a potion of flight.
You feel very buoyant.
You fly up into the air.
Grinder completely resists.
The wall freezes Grinder but does no damage.
Grinder closely misses you.
It was a potion of curing.
You feel better.
The frozen ramparts melt away.
Grinder hits you.
* * * LOW HITPOINT WARNING * * *
You writhe in agony.
You die...

.
....#############
.....55@5!......#
....#######..##.#
. #####..# ##
#......# .#
#.#.....# .#
#.#.##### .#
#.#.#.. .#
#.#.#.# .#
#.#.#.#


You could see Grinder, a friendly iron imp (summoned) and a friendly shadow imp
(summoned).

Vanquished Creatures
  Jessica (D:3)
  3 river rats
  4 adders (D:2)
  An ooze (D:2)
  2 worms (D:2)
  5 dart slugs
  An orc (D:3)
  7 giant cockroaches
  8 goblins
  4 hobgoblins
  7 jackals
  A quokka (D:3)
  2 ball pythons (D:3)
  5 bats
  2 frilled lizards
  10 kobolds
  12 rats
75 creatures vanquished.

Vanquished Creatures (collateral kills)
  A big kobold (Sewer)
  2 kobolds (Sewer)
3 creatures vanquished.

Grand Total: 78 creatures vanquished

Notes
Turn   | Place    | Note
-------+----------+-------------------------------------------
     0 | D:1      | iamoutofideas the Demonspawn Ice Elementalist began the
                  | quest for the Orb.
     0 | D:1      | Reached XP level 1. HP: 13/13 MP: 3/3
   675 | D:1      | Reached skill level 4 in Ice Magic
   675 | D:1      | Gained mutation: You have sharp fingernails. [demonic
                  | ancestry]
   675 | D:1      | Reached XP level 2. HP: 16/19 MP: 0/5
  1467 | D:2      | Gained mutation: You have very sharp fingernails. [demonic
                  | ancestry]
  1467 | D:2      | Reached XP level 3. HP: 24/24 MP: 3/6
  1622 | D:2      | Learned a level 3 spell: Frozen Ramparts
  1626 | D:2      | Learned a level 3 spell: Ozocubu's Armour
  1892 | D:2      | Gained mutation: A weak demonic guardian rushes to your
                  | aid. [demonic ancestry]
  1892 | D:2      | Reached XP level 4. HP: 29/30 MP: 5/8
  2901 | D:3      | Found an opulent altar of Gozag.
  2931 | D:3      | Noticed Jessica
  2936 | D:3      | Killed Jessica
  2951 | D:3      | Found a stormy altar of Qazlal.
  3152 | D:3      | Reached XP level 5. HP: 28/35 MP: 4/10
  3157 | D:3      | Reached skill level 5 in Ice Magic
  3193 | D:3      | Found a glowing drain.
  3203 | Sewer    | Entered a sewer
  3638 | Sewer    | Found a glowing silver altar of Zin.
  3855 | D:3      | Noticed Grinder
  3856 | D:3      | Paralysed by Grinder for 2 turns
  3862 | D:3      | Paralysed by Grinder for 4 turns
  3868 | D:3      | Slain by Grinder

Illustrated notes

Levels and vault maps discovered:
D:1:      dpeg_arrival_three_same_balls, layout_basic
D:2:      layout_loops_ring, hex_large, grunt_decor_fettered,
          minmay_close_crescents
D:3:      layout_basic, marbit_many_paths, lemuel_round_altar,
          portal_sewer_entry_e, nicolae_gozag_cash_rules_everything_around_me,
          uniq_grinder, uniq_jessica

Skill      XL: |  1  2  3  4  5 |
---------------+----------------+-----
Ice Magic      | 4 5 |  5.3
Spellcasting   | 3 4 |  4.0
Dodging        | |  1.7
Stealth        | |  1.9

Action                   |  1- 3 |  4- 6 || total
-------------------------+-------+-------++-------
Melee: Unarmed           |    14 |       ||    14
       Dagger            |    15 |    36 ||    51
 Cast: Freeze            |    41 |    54 ||    95
       Frozen Ramparts   |       |     2 ||     2
  Use: Scroll            |     3 |     4 ||     7
       Potion            |       |     2 ||     2
 Stab: Sleeping          |     1 |     5 ||     6
Armor: Robe              |     5 |    27 ||    32
Dodge: Dodged            |    38 |    70 ||   108
